 Dungeon Crawl Stone Soup version 0.28.0-53-g5a82cb258f (webtiles) character file.

Game seed: 15199992106864424258

2002 StoryTimeSA the Spear-Bearer (level 9, 0/71 (72) HPs)
             Began as a Merfolk Berserker on Sept 15, 2022.
             Was a High Priest of Trog.
             Succumbed to Crazy Yiuf's poison
             ... on level 6 of the Dungeon on Nov 23, 2022.
             The game lasted 00:49:30 (7141 turns).

StoryTimeSA the Spear-Bearer (Merfolk Berserker)    Turns: 7141, Time: 00:49:31

HP:   0/71 (72)     AC:  8    Str: 22    XL:     9   Next: 22%
MP:   9/9           EV:  9    Int:  6    God:    Trog [*****.]
Gold: 347           SH:  0    Dex: 13    Spells: 8/8 levels left

rFire   . . .      SeeInvis +   a - +0 spear
rCold   . . .      Faith    .   (no shield)
rNeg    . . .      Spirit   .   d - +0 chain mail
rPois   .          Reflect  .   (no helmet)
rElec   .          Harm     .   h - scarf {repulsion}
rCorr   .          Rampage  .   (no gloves)
Will    .....                   (no boots)
Stlth   ..........              (no amulet)
HPRegen 0.21/turn               k - ring of see invisible
MPRegen 0.11/turn               (no ring)

@: lethally poisoned (0 -> -8), hasted, lightly drained, repel missiles, very
quick
A: (nimble swimmer 2), mertail
a: Renounce Religion, Berserk, Trog's Hand, Brothers in Arms


You were on level 6 of the Dungeon.
You worshipped Trog.
Trog was extremely pleased with you.
You visited 2 branches of the dungeon, and saw 7 of its levels.
You also visited: Ossuary.

You collected 347 gold pieces.

Inventory:

Hand Weapons
 a - a +0 spear (weapon)
 j - a +2 dagger of venom
 y - a +1 hunting sling of flaming
 C - a +0 halberd
Missiles
 e - 67 sling bullets
 g - 4 poisoned darts (quivered)
Armour
 d - a +0 chain mail (worn)
 h - a scarf of repulsion (worn)
 p - a +0 leather armour of fire resistance
Jewellery
 k - a ring of see invisible (left hand)
 x - a ring of flight
Wands
 o - a wand of charming (6)
 w - a wand of iceblast (8)
 D - a wand of digging (2)
 E - a wand of flame (17)
Scrolls
 b - a scroll of magic mapping
 f - a scroll of immolation
 i - a scroll of enchant armour {unknown}
 l - a scroll of teleportation {unknown}
 n - a scroll of noise {unknown}
 q - a scroll of identify
 s - a scroll of vulnerability
 u - a scroll of amnesia {unknown}
 v - a scroll of fear {unknown}
 A - a scroll of torment {unknown}
Potions
 c - 2 potions of curing
 m - 2 potions of heal wounds {unknown}
 r - a potion of haste {unknown}
 t - a potion of lignification {unknown}
 z - 2 potions of attraction {unknown}
 B - 2 potions of might
 F - a potion of flight {unknown}


   Skills:
 + Level 7.2 Fighting
 * Level 14.6 Polearms
 - Level 1.3 Armour
 + Level 3.6 Dodging


You had 8 spell levels left.
You didn't know any spells.
Your spell library contained the following spells:

 Spells                   Type           Power      Damage    Failure   Level
 Sting                    Tmut/Pois      0%         1d3       99%         1
 Poisonous Vapours        Pois/Air       0%         N/A       100%        2
 Frozen Ramparts          Ice            0%         1d2       100%        3
 Ice Form                 Ice/Tmut       0%         N/A       100%        4
 Olgreb's Toxic Radiance  Pois           0%         N/A       100%        4
 Summon Ice Beast         Ice/Summ       0%         N/A       100%        4
 Fireball                 Conj/Fire      0%         3d3       100%        5
 Starburst                Conj/Fire      0%         6d3       100%        6
 Ignition                 Fire           0%         3d3       100%        8


Dungeon Overview and Level Annotations

Branches:
Dungeon (6/15)             Temple (1/1) D:4         Ossuary (visited)

Altars:
Ashenzari
Dithmenos
Elyvilon
Fedhas
Gozag
Hepliaklqana
Kikubaaqudgha
Makhleb
Nemelex Xobeh
Qazlal
Ru
Sif Muna
Uskayaw
Vehumet
Wu Jian
Xom
Zin
The Shining One

Shops:
D:1 *

Annotations:
D:6 Crazy Yiuf, Menkaure


Innate Abilities, Weirdness & Mutations

((You are very nimble when in or above water. (Stealth+, EV+, Speed+++)))
Your lower body shifts to a powerful aquatic tail in water.


Message History

Crazy Yiuf is lightly wounded.
You feel sick.
You hit Crazy Yiuf.
Crazy Yiuf is moderately wounded.
You feel sick.
Crazy Yiuf cries, "Mugger song mobile!"
Crazy Yiuf hits you with a +3 quarterstaff of chaos.
You feel drained.
You hit Crazy Yiuf but do no damage.
Crazy Yiuf is moderately wounded.
You feel sick.
You hit Crazy Yiuf.
Crazy Yiuf is moderately wounded.
You feel sick.
You hit Crazy Yiuf but do no damage.
Crazy Yiuf is moderately wounded.
You feel sick.
Crazy Yiuf whimpers, "Paint!"
Crazy Yiuf closely misses you.
You hit Crazy Yiuf but do no damage.
Crazy Yiuf is moderately wounded.
You feel sick.
You hit Crazy Yiuf but do no damage.
Crazy Yiuf is moderately wounded.
You feel sick.
You hit Crazy Yiuf.
Crazy Yiuf is moderately wounded.
You feel sick.
You hit Crazy Yiuf.
Crazy Yiuf is heavily wounded.
Crazy Yiuf hits you with a +3 quarterstaff of chaos!
* * * LOW HITPOINT WARNING * * *
Crazy Yiuf draws strength from your wounds!
You hit Crazy Yiuf but do no damage.
Crazy Yiuf is moderately wounded.
* * * LOW HITPOINT WARNING * * *
You feel sick.
You hit Crazy Yiuf but do no damage.
Crazy Yiuf is moderately wounded.
You die...

#.#.##########
#.#
.###.........#
###########.#
#.#)########.#
#...........####
#.## ###
########..#....<
#)# #..####.#
##.#### #........
......# ###
♣♣##..####.#
#####.####
#)..#♣♣ ♣♣..'..#
#.# #.##.#
#...g@♣♣♣♣......#
#.# #....#
#...#♣..♣......##
#.# ####.# ###
♣♣♣.♣...'..####.#
###
♣♣♣♣♣##........
######... #.#.
#.## ### #.# ..#
#.#


You could see Crazy Yiuf.

Vanquished Creatures
  The ghost of kalagan the Conjurer, an amateur DECj (D:5)
  A wyvern (D:6)
  Edmund (D:6)
  2 water moccasins
  2 black bears
  An ogre (D:6)
  A phantom (D:5)
  2 bullfrogs (D:6)
  Blork the orc (D:5)
  A water moccasin skeleton (D:3)
  3 howler monkeys
  An orc priest (D:3)
  A centaur zombie (D:6)
  A jelly (D:4)
  A bullfrog skeleton (D:5)
  A centaur skeleton (D:5)
  2 hounds
  Jessica (D:3)
  3 iguanas
  Ijyb (D:3)
  An orc wizard (D:3)
  A killer bee zombie (D:6)
  2 hound skeletons
  A howler monkey zombie (D:5)
  2 mummies
  3 adders
  3 gnolls (D:6)
  A shadow imp (D:5)
  An ufetubus (D:6)
  3 dart slugs
  18 orcs
  5 spectral bats (Ossuary)
  3 bats
  9 endoplasms
  4 giant cockroaches
  12 gnoll zombies (Ossuary)
  13 goblins
  15 hobgoblins
  7 jackals
  4 quokkas
  6 ball pythons
  2 bat simulacra (Ossuary)
  5 frilled lizards
  A goblin simulacrum (Ossuary)
  7 goblin zombies (Ossuary)
  6 hobgoblin zombies
  3 kobolds
  3 kobold simulacra (Ossuary)
  3 kobold zombies (Ossuary)
  4 orc zombies
  4 rats
  2 rat simulacra (Ossuary)
  3 spectral goblins (Ossuary)
  2 spectral kobolds (Ossuary)
  6 spectral rats (Ossuary)
193 creatures vanquished.

Notes
Turn   | Place    | Note
-------+----------+-------------------------------------------
     0 | D:1      | StoryTimeSA the Merfolk Berserker began the quest for the
                  | Orb.
     0 | D:1      | Reached XP level 1. HP: 18/18 MP: 1/1
   214 | D:1      | Reached XP level 2. HP: 23/24 MP: 2/2
   221 | D:1      | Reached skill level 5 in Polearms
   305 | D:1      | Found Kyeniq's Assorted Antiques.
   352 | D:1      | Reached XP level 3. HP: 30/30 MP: 3/3
   838 | D:2      | Found a faded altar of an unknown god.
   869 | D:2      | Reached ** piety under Trog
  1060 | D:2      | Reached skill level 6 in Polearms
  1181 | D:2      | Reached XP level 4. HP: 37/37 MP: 4/4
  1523 | D:3      | Noticed Jessica
  1531 | D:3      | Killed Jessica
  1532 | D:3      | Reached skill level 7 in Polearms
  1702 | D:3      | Reached XP level 5. HP: 34/42 MP: 5/5
  1786 | D:3      | Noticed Ijyb
  1818 | D:3      | Killed Ijyb
  2178 | D:3      | Reached skill level 8 in Polearms
  2267 | D:3      | Reached XP level 6. HP: 43/49 MP: 6/6
  2848 | D:3      | Found a hazy altar of Hepliaklqana.
  2863 | D:3      | Reached *** piety under Trog
  2952 | D:4      | Reached skill level 9 in Polearms
  2952 | D:4      | Noticed a black bear
  2979 | D:4      | Killed a black bear
  3072 | D:4      | Reached XP level 7. HP: 52/55 MP: 7/7
  3164 | D:4      | Found a staircase to the Ecumenical Temple.
  3218 | Temple   | Entered the Ecumenical Temple
  3423 | D:4      | Reached skill level 10 in Polearms
  3477 | D:4      | Reached skill level 5 in Fighting
  3663 | D:5      | Entered Level 5 of the Dungeon
  3853 | D:5      | Found a sand-covered staircase.
  3861 | Ossuary  | Entered an ossuary
  4079 | Ossuary  | Reached **** piety under Trog
  4437 | Ossuary  | Reached ***** piety under Trog
  4692 | D:5      | Found a white marble altar of Elyvilon.
  4796 | D:5      | Noticed Blork the orc
  4800 | D:5      | Killed Blork the orc
  4801 | D:5      | Reached skill level 11 in Polearms
  4816 | D:5      | Found a blossoming altar of Fedhas.
  4855 | D:5      | Reached XP level 8. HP: 24/64 MP: 8/8
  5620 | D:5      | Reached skill level 12 in Polearms
  5621 | D:5      | Found a runed translucent door.
  5621 | D:5      | Noticed kalagan's ghost (amateur DECj)
  5892 | D:5      | Killed kalagan's ghost
  6378 | D:6      | Reached skill level 13 in Polearms
  6659 | D:6      | Noticed a wyvern
  6667 | D:6      | Killed a wyvern
  6668 | D:6      | Reached XP level 9. HP: 71/71 MP: 9/9
  6847 | D:6      | Reached skill level 14 in Polearms
  6873 | D:6      | Noticed Edmund
  6910 | D:6      | Killed Edmund
  7023 | D:6      | Noticed Menkaure
  7118 | D:6      | Found a runed translucent door.
  7119 | D:6      | Noticed Crazy Yiuf
  7139 | D:6      | HP: 2/71 [Crazy Yiuf/+3 quarterstaff of chaos (14)]
  7141 | D:6      | Succumbed to Crazy Yiuf's poison

Illustrated notes

Levels and vault maps discovered:
D:1:      lemuel_arrival_room, layout_basic, serial_shops,
          nicolae_shop_hallway_plus, minmay_pentomino_x4
D:2:      cheibrodos_greedy_goblins, layout_rooms,
          chequers_ecumenical_altar_island
D:3:      layout_basic, mainiacjoe_overflow_concentric_impassable,
          minmay_unequal, uniq_jessica, uniq_ijyb
D:4:      layout_rooms, minmay_temple_entry_arrows
D:5:      layout_cave_pods, mainiacjoe_overflow_tiny_flanked, elyvilon_altar_1,
          nicolae_ossuary_entry_giza, hellmonk_ghost_happy_afterlife,
          uniq_blork_the_orc
D:6:      layout_loops_ring, guppyfry_shop_venom, uniq_crazy_yiuf_cottage,
          uniq_menkaure, uniq_grinder, uniq_edmund
Temple:   regret_index_temple_waves

Skill      XL: |  1  2  3  4  5  6  7  8  9 |
---------------+----------------------------+-----
Polearms       | 5 6 7 8 9 11 13 14 | 14.6
Fighting       | 4 5 6 7 |  7.2
Dodging        | 3 |  3.6
Armour         | |  1.3

Action                   |  1- 3 |  4- 6 |  7- 9 || total
-------------------------+-------+-------+-------++-------
Melee: Spear             |   137 |   235 |   564 ||   936
       Punch             |     1 |     4 |     7 ||    12
 Fire: Hunting sling     |       |       |    10 ||    10
Throw: Dart              |       |     1 |       ||     1
Invok: Berserk           |     1 |     2 |     4 ||     7
  Use: Scroll            |       |       |     4 ||     4
       Potion            |       |       |     2 ||     2
Armor: Chain mail        |    36 |    70 |   117 ||   223
Dodge: Dodged            |    40 |    50 |   127 ||   217
       Repelled          |       |     1 |     1 ||     2
